 Dungeon Crawl Stone Soup version 0.14-a0-2746-g43b4f9c (webtiles) character file.

262 MackTheKnife the Cudgeler (level 6, 47/47 HPs)
             Began as a Human Fighter on Feb 22, 2014.
             Quit the game on Level 3 of the Dungeon.
             The game lasted 00:05:28 (2821 turns).

MackTheKnife the Cudgeler (Human Fighter)           Turns: 2821, Time: 00:05:28

HP  47/47        AC  3     Str 19      XL: 6   Next: 12%
MP   5/5         EV  6     Int  8      God:
Gold 53          SH 18     Dex 12      Spells:  0 memorised,  5 levels left

rFire  . . .     SeeInvis .     g - -1,+1 orc flail
rCold  . . .     Clarity  .     b - +0 scale mail
rNeg   . . .     Conserve .     c - +0 shield
rPois  .         rCorr    .     (no helmet)
rElec  .         rRot     .     (no cloak)
SustAb . .       Spirit   .     (no gloves)
rMut   .         Warding  .     (no boots)
Saprov . . .     Stasis   .     (no amulet)
MR     .....                    (no ring)
                                (no ring)

@: not resistant to hostile enchantments, extremely unstealthy
A: deformed body, deterioration 1, low mp 1
a: no special abilities


You were on level 3 of the Dungeon.
You were not hungry.

You visited 1 branch of the dungeon, and saw 3 of its levels.

You collected 53 gold pieces.


Innate Abilities, Weirdness & Mutations

Armour fits poorly on your strangely shaped body.
Your body is slowly deteriorating.
Your magical capacity is low (-10% MP).


   Skills:
 - Level 3.0 Fighting
 + Level 5.9 Maces & Flails
 - Level 3.0 Armour
 - Level 3.0 Shields


You had 5 spell levels left.
You didn't know any spells.

Inventory:

Hand weapons
 g - a -1,+1 orcish flail (weapon)
Armour
 b - a +0 scale mail (worn)
 c - a +0 shield (worn)
Comestibles
 d - 2 bread rations
 i - a choko
 j - a chunk of quokka flesh {@*1}
 t - a meat ration
Scrolls
 e - a scroll of magic mapping
 k - a scroll of immolation {!r}
Jewellery
 h - an uncursed ring of poison resistance {unknown}
 p - an uncursed ring of protection from magic {unknown}
 v - an uncursed amulet of guardian spirit {unknown}
Potions
 o - a potion of heal wounds {unknown}
 q - a potion of might {unknown}
 s - a potion of flight {unknown}
 u - 2 potions of paralysis {unknown}
 w - a potion of agility {unknown}
Books
 a - a book of the Earth

   Spells                             Type                      Level
   Leda's Liquefaction                Hexes/Earth                  4
   Bolt of Magma                      Conjuration/Fire/Earth       5
   Statue Form                        Transmutation/Earth          6
   Iron Shot                          Conjuration/Earth            6
   Shatter                            Earth                        9

▒·▒ ▒·▒▒···≈≈≈··▒·▒)▒▒·▒ ▒▒·▒▒
▒▒·▒▒··≈≈≈≈≈·▒)))▒▒·▒
▒▒···▒▒▒▒··▒····≈≈≈··▒······▒▒
▒·······'····⌠················
▒▒···▒▒▒▒··········▒▒▒···▒▒▒▒▒
▒···▒ ▒▒·······▒▒▒ ▒▒··▒ ▒···▒
▒▒·····▒▒ ▒▒·▒░ ▒···▒ ▒▒···▒▒
░···▒ ▒▒·▒▒ ▒▒@▒▒ ░·▒·▒ ▒·▒
▒·▒ ▒·◦·▒ ▒·▒ ▒Y▒ ▒·░▒▒ ▒·▒
░▒·▒░ ▒·░ ░·░ ░░···░░ ░·░ ░◦░
░◦···◦░ ░◦░ ░◦░░░░░░░░···░░░░░
░◦░ ░◦◦◦◦◦◦◦◦·····◦◦◦░░░░◦░
░░░░░░░░░░▒▒▒░░◦◦◦◦◦◦◦░


You could see an ice beast.


Message History

The quokka is heavily wounded.
The quokka bites you but does no damage.
You hit the quokka.
You kill the quokka!
No target in view!
There is a stone staircase leading down here.
You see here a quokka corpse.
You finish butchering the quokka corpse.
j - 2 chunks of quokka flesh {@*1}
There is a stone staircase leading down, spattered with blood here.
You see here a quokka skeleton.
Eat one of 2 chunks of quokka flesh {@*1}? (ye/n/q/i?) HP restored.
Things that are here:
an orcish hand axe; an orcish ring mail You see here an orcish dagger.
You open the door.
An ice beast comes into view.
An ice beast is nearby!
An ice beast is nearby!
An ice beast is nearby!
An ice beast is nearby!
An ice beast is nearby!
There is an open door here.
Drink which item? (? for menu, Esc to quit)
You feel extremely strange.
You feel less energetic.
Your body twists and deforms.
You feel yourself wasting away.
It was a potion of mutation.
Are you sure you want to abandon this character and quit the game? (Confirm with "yes".)

Action                   |  1- 3 |  4- 6 || total
-------------------------+-------+-------++-------
Melee: Mace              |   153 |   149 ||   302
       Flail             |       |    26 ||    26
  Use: Scroll            |       |     9 ||     9
       Potion            |       |     1 ||     1

Vault maps used:
D:1:      shiori_arrival_maze
D:2:      lemuel_coloured_pillars_altar, first_bread
D:3:      kiku_gazebo_pond_becter, grunt_ashenzari_visionary, uniq_sigmund

Notes
Turn   | Place    | Note
--------------------------------------------------------------
     0 | D:1      | MackTheKnife, the Human Fighter, began the quest for the Orb.
     0 | D:1      | Reached XP level 1. HP: 18/18 MP: 1/1
   114 | D:1      | Reached XP level 2. HP: 21/24 MP: 2/2
   283 | D:1      | Reached skill level 3 in Maces & Flails
   486 | D:1      | Reached XP level 3. HP: 18/29 MP: 3/3
   979 | D:2      | Found a bloodstained altar of Trog.
  1210 | D:2      | Reached skill level 4 in Maces & Flails
  1210 | D:2      | Reached XP level 4. HP: 30/35 MP: 4/4
  1655 | D:3      | Noticed Sigmund
  1794 | D:3      | Reached XP level 5. HP: 18/41 MP: 5/5
  1978 | D:3      | Found an ancient bone altar of Kikubaaqudgha.
  2071 | D:3      | Found a shattered altar of Ashenzari.
  2076 | D:3      | Saw a vision of the Shoals and the Spider Nest.
  2076 | D:3      | Noticed a mermaid
  2076 | D:3      | Noticed a hippogriff
  2076 | D:3      | Noticed a merfolk
  2077 | D:3      | Noticed a merfolk
  2077 | D:3      | Noticed a yellow wasp
  2078 | D:3      | Noticed a hippogriff
  2079 | D:3      | Noticed a yellow wasp
  2087 | D:3      | Noticed a trapdoor spider
  2118 | D:3      | Reached skill level 5 in Maces & Flails
  2502 | D:3      | Reached XP level 6. HP: 27/47 MP: 6/6
  2818 | D:3      | Noticed an ice beast
  2820 | D:3      | Gained mutation: Your magical capacity is low (-10% MP). [potion of mutation]
  2820 | D:3      | Gained mutation: Armour fits poorly on your strangely shaped body. [potion of mutation]
  2820 | D:3      | Gained mutation: Your body is slowly deteriorating. [potion of mutation]
  2821 | D:3      | Quit the game

Vanquished Creatures
  An orc priest (D:3)
  An orc wizard (D:3)
  4 adders
  A gnoll (D:3)
  3 worms
  A giant gecko (D:3)
  An ooze (D:2)
  9 orcs (D:3)
  7 bats
  4 giant cockroaches
  8 goblins
  6 hobgoblins
  A quokka (D:3)
  2 ball pythons (D:1)
  7 giant newts
  13 jackals
  6 kobolds
  9 rats
84 creatures vanquished.
